 Seeded DCSS version 0.31-a0-496-g6f97920a28 (webtiles) character file.

Game seed: 7415222406553760909 (custom seed)

2739 innerfire43 the Changeling (level 9, -4/74 HPs)
             Began as a Demonspawn Shapeshifter on Aug 8, 2023.
             Was an Elder of Uskayaw.
             Slain by an orc warrior
             ... wielding a +0 trident
              (9 damage)
             ... in a bailey.
             The game lasted 00:11:12 (5862 turns).

innerfire43 the Changeling (DsSh)                   Turns: 5862, Time: 00:11:12

Health: -4/74      AC: 15    Str: 22 (23) XL:     9   Next: 40%
Magic:  9/9        EV: 17    Int:  8 (10) God:    Uskayaw [****..]
Gold:   334        SH:  0    Dex:  9 (12) Spells: 8/8 levels left

rFire   + .          .
                       - Unarmed
rCold   + . .        (shield currently unavailable)
rNeg    + . .        m - +1 robe {rC+ rF+}
rPois   +            q - +0 helmet
rElec   .            p - +2 cloak
rCorr   .            o - +1 pair of gloves
SInv    .            (no boots)
Will    +....        k - amulet of faith
Stlth   +            g - ring of positive energy
HPRegen 0.32/turn    n - ring of poison resistance
MPRegen 0.11/turn

%: clarity, faith
@: mighty, flux-form, sanguine armoured, glowing
A: glow, contaminating, claws 1, spiny 2, sanguine armour 1, clarity,
strong-willed 1, robust 1, strong 1, teleportitis 1, evolution 1
a: Begin Untransformation, Renounce Religion, Stomp, Line Pass


You were in a bailey.
You worshipped Uskayaw.
Uskayaw was noncommittal.
You were something dangerously unstable.
You visited 1 branch of the dungeon, and saw 7 of its levels.
You also visited: Bailey.

You collected 334 gold pieces.

Inventory:

Armour
 a - a +0 animal skin
 l - a +1 robe of cold resistance
 m - a +1 robe of resistance (worn)
 o - a +1 pair of gloves (worn)
 p - a +2 cloak (worn)
 q - a +0 helmet (worn)
Jewellery
 e - a ring of wizardry
 g - a ring of positive energy (left hand)
 i - a ring of wizardry
 k - an amulet of faith (around neck)
 n - a ring of poison resistance (right hand)
 B - an amulet of magic regeneration
 D - a ring of see invisible
Talismans
 c - a beast talisman
 d - a flux talisman (active)
Wands
 b - a wand of flame (9)
 u - a wand of polymorph (15)
 E - a wand of digging (1)
 F - a wand of acid (10)
Scrolls
 h - 3 scrolls of teleportation {unknown}
 j - 10 scrolls of identify
 r - 4 scrolls of fog
 v - 2 scrolls of blinking {unknown}
 x - 2 scrolls of silence {unknown}
 y - a scroll of enchant armour
 z - a scroll of immolation {unknown}
 C - a scroll of torment {unknown}
Potions
 A - 2 potions of lignification


   Skills:
 + Level 5.3 Fighting
 + Level 5.1 Dodging
 + Level 5.5 Unarmed Combat
 + Level 7.5 Shapeshifting


You had 8 spell levels left.
You didn't know any spells.
Your spell library contained the following spells:

 Spells                   Type           Power      Damage    Failure   Level
 Freeze                   Ice            0%         1d3       41%         1
 Wereblood                Tmut           0%         N/A       54%         2
 Frozen Ramparts          Ice            0%         1d1       78%         3
 Hailstorm                Conj/Ice       0%         3d3       78%         3
 Vhi's Electric Charge    Tloc/Air       0%         N/A       78%         3
 Arcjolt                  Conj/Air       0%         1d10      100%        5
 Irradiate                Conj/Tmut      0%         3d11      100%        5
 Plasma Beam              Fire/Air       0%         2x1d10    100%        6


Dungeon Overview and Level Annotations

Branches:
Dungeon (7/15)             Temple (0/1) D:6          Bailey (1/1)

Altars:
Dithmenos
Nemelex Xobeh
Qazlal
Uskayaw
Yredelemnul

Shops:
D:1 ?   D:4 (


Innate Abilities, Weirdness & Mutations

You are something dangerously unstable.
You glow with magical radiation, making you easy to see and hit.
Foes you strike become dangerously contaminated with magical radiation.
You are incapable of wielding weapons or throwing items.
You have sharp fingernails.
You are mostly covered in sharp spines.
When seriously injured, your blood forms armour. (AC +6)
You possess an exceptional clarity of mind.
You are strong-willed. (Will+)
You are robust. (+10% HP)
Your muscles are strong. (Str +4, Int/Dex -1)
You are occasionally teleported next to monsters.
You have hidden genetic potential.


Message History

Unknown command.
You hit the orc knight.
The orc knight glows dangerously bright.
The orc knight is lightly wounded.
The orc warrior barely misses you. The orc knight barely misses you.
Unknown command.
You hit the orc knight.
The orc knight shudders as magic cascades through it!!
The orc knight twists and deforms.
The orc knight is heavily wounded.
The orc warrior hits you from afar with a +0 trident.
* * * LOW HITPOINT WARNING * * *
The orc knight is struck by your spines.
The orc knight misses you.
Uskayaw will force your foes to share their pain.
Uskayaw links your audience in an emotional bond!
You hit the orc knight but do no damage.
The orc knight begins to glow.
The orc knight is heavily wounded.
The orc warrior barely misses you. The orc knight closely misses you.
Unknown command.
You hit the orc knight.
The orc knight glows dangerously bright.
The orc knight is heavily wounded.
The orc knight is no longer sharing its pain.
The orc warrior closely misses you. The orc knight closely misses you.
Unknown command.
You hit the orc knight.
The orc knight shudders as magic cascades through it!
The orc knight twists and deforms.
The orc knight is severely wounded.
The orc warrior is no longer sharing its pain.
The orc warrior hits you from afar with a +0 trident!
* * * LOW HITPOINT WARNING * * *
The orc knight is struck by your spines.
The orc knight hits you with a +0 halberd.
* * * LOW HITPOINT WARNING * * *
You feel very mighty all of a sudden.
The orc warrior hits you from afar with a +0 trident!
You die...

##.........## ##..~~~~~~~..##
##..~~.....~~..##
#####..~)..###..~~..##########
......~~.)## ##..~~..........#
~~~~~~~..##.∩.##..~~~~~~~~~~.#
......).##.....##..........~.#
############+###o#########.~.#
# #......o.B## ##.~.# ##
..≈≈§≈≈≈≈).## ##..~.# .##
.≈≈.....§≈).## ##..~~.# ..#
....⌠∩⌠.)....#'#..~~.∩# ..#
≈≈...⌠...≈§..#'#..~~.## .##.#
.≈≈.....≈≈..##.##..~~.# ##.$.
..≈≈≈.≈≈≈..'#...##..~.# #.$$$.
#.........##.....##.~.#
############'#############.~.#


You could see an orc knight (misshapen) and an orc warrior (strong).

Vanquished Creatures
  Pikel (D:5)
  Sigmund (D:5)
  A steam dragon (D:6)
  Edmund (D:5)
  A water moccasin (D:7)
  6 orc warriors (Bailey)
  An ice beast (D:3)
  A black bear (D:5)
  2 ogres
  A lemure (D:5)
  A phantom (D:6)
  A scorpion (D:6)
  A bullfrog (D:3)
  2 jellies (D:4)
  4 hounds
  A sleepcap (D:6)
  An orc priest (D:5)
  Ijyb (D:5)
  Crazy Yiuf (D:5)
  4 iguanas
  An orc wizard (D:5)
  Robin (D:2)
  7 adders
  3 shadow imps
  2 white imps (D:5)
  An ufetubus (D:6)
  2 worms
  5 dart slugs
  20 orcs
  6 ball pythons
  4 bats
  3 endoplasms
  2 giant cockroaches (D:1)
  19 goblins
  7 hobgoblins
  15 jackals
  8 quokkas
  4 frilled lizards
  6 kobolds
  4 rats
153 creatures vanquished.

Notes
Turn   | Place    | Note
-------+----------+-------------------------------------------
     0 | D:1      | innerfire43 the Demonspawn Shapeshifter began the quest for
                  | the Orb.
     0 | D:1      | Reached XP level 1. HP: 15/15 MP: 1/1
    61 | D:1      | Reached skill level 3 in Shapeshifting
    64 | D:1      | Gained mutation: You are partially covered in sharp spines.
                  | [demonic ancestry]
    64 | D:1      | Reached XP level 2. HP: 6/21 MP: 2/2
   312 | D:1      | Found Onoqawk's Magic Scroll Emporium.
   368 | D:1      | Reached XP level 3. HP: 26/26 MP: 3/3
   897 | D:2      | Noticed Robin
  1020 | D:2      | Reached skill level 4 in Shapeshifting
  1023 | D:2      | Reached XP level 4. HP: 30/32 MP: 4/4
  1029 | D:2      | Killed Robin
  1909 | D:3      | Found a shadowy altar of Dithmenos.
  1978 | D:3      | Found a sparkling altar of Nemelex Xobeh.
  2218 | D:3      | Found a hide-covered altar of Uskayaw.
  2223 | D:3      | Noticed a bullfrog
  2225 | D:3      | Found a stormy altar of Qazlal.
  2225 | D:3      | Noticed an ice beast
  2230 | D:3      | Found a transporter.
  2231 | D:3      | Found a basalt altar of Yredelemnul.
  2236 | D:3      | Found a transporter.
  2276 | D:3      | Reached XP level 5. HP: 37/37 MP: 5/5
  2413 | D:3      | Gained mutation: You are occasionally teleported next to
                  | monsters. [potion of mutation]
  2413 | D:3      | Gained mutation: You have hidden genetic potential. [potion
                  | of mutation]
  2413 | D:3      | Gained mutation: You are strong-willed. (Will+) [potion of
                  | mutation]
  2413 | D:3      | Gained mutation: You possess an exceptional clarity of
                  | mind. [potion of mutation]
  2437 | D:3      | Killed an ice beast
  2438 | D:3      | Reached skill level 5 in Shapeshifting
  2444 | D:3      | Gained mutation: You are mostly covered in sharp spines.
                  | [demonic ancestry]
  2444 | D:3      | Reached XP level 6. HP: 16/43 MP: 6/6
  2456 | D:3      | Gained mutation: You are robust. (+10% HP) [hidden
                  | potential]
  2637 | D:3      | Became a worshipper of Uskayaw the Reveller
  2664 | D:4      | Reached * piety under Uskayaw
  2666 | D:4      | Reached ** piety under Uskayaw
  2670 | D:4      | Reached *** piety under Uskayaw
  2738 | D:4      | Found Zyerchael's Weapon Shop.
  2872 | D:4      | Reached skill level 6 in Shapeshifting
  3193 | D:4      | Reached XP level 7. HP: 52/52 MP: 7/7
  3487 | D:5      | Entered Level 5 of the Dungeon
  3656 | D:5      | Reached **** piety under Uskayaw
  3668 | D:5      | Gained mutation: You have great hidden genetic potential.
                  | [hidden potential]
  3668 | D:5      | Lost mutation: You have great hidden genetic potential.
                  | [hidden potential expressed]
  3676 | D:5      | Noticed Edmund
  3688 | D:5      | Killed Edmund
  3697 | D:5      | Noticed Pikel
  3698 | D:5      | Noticed Ijyb
  3704 | D:5      | Noticed Sigmund
  3707 | D:5      | Killed Pikel
  3708 | D:5      | Gained mutation: You have sharp fingernails. [demonic
                  | ancestry]
  3708 | D:5      | Reached XP level 8. HP: 9/63 MP: 8/8
  3717 | D:5      | Gained mutation: Your muscles are strong. (Str +4, Int/Dex
                  | -1) [hidden potential]
  3718 | D:5      | Killed Ijyb
  3719 | D:5      | Reached ***** piety under Uskayaw
  3757 | D:5      | Killed Sigmund
  4244 | D:5      | Found a runed translucent door.
  4245 | D:5      | Noticed Crazy Yiuf
  4306 | D:5      | Killed Crazy Yiuf
  4436 | D:6      | Reached skill level 7 in Shapeshifting
  4913 | D:6      | Gained mutation: When seriously injured, your blood forms
                  | armour. (AC +6) [demonic ancestry]
  4913 | D:6      | Reached XP level 9. HP: 64/72 MP: 9/9
  4962 | D:6      | Found a staircase to the Ecumenical Temple.
  5244 | D:7      | Reached skill level 5 in Unarmed Combat
  5355 | D:7      | Found a flagged portal.
  5389 | Bailey   | Entered a bailey
  5557 | Bailey   | Reached skill level 5 in Fighting
  5561 | Bailey   | Reached skill level 5 in Dodging
  5564 | Bailey   | HP: 3/74 [orc warrior/+0 spear (2)]
  5568 | Bailey   | Noticed an orc knight
  5574 | Bailey   | HP: 3/111 [orc/+0 spear (4)]
  5862 | Bailey   | Slain by an orc warrior

Illustrated notes

Levels and vault maps discovered:
D:1:      spicycebolla_green_bress_n_ham_2, layout_rooms, serial_shops, shop,
          minmay_misc_feat_hallway
D:2:      layout_basic, uniq_robin
D:3:      minmay_evil_eye, layout_basic,
          mainiacjoe_overflow_concentric_impassable, lemuel_tele_altar,
          gammafunk_temple_overflow_arena, nemelex_altar_shiori,
          kennysheep_generic_room_6
D:4:      layout_gridville, serial_shops, nicolae_shop_bloodbath_and_beyond,
          minmay_statues_item
D:5:      layout_rooms, uniq_ijyb, uniq_crazy_yiuf_cottage, uniq_edmund,
          uniq_sigmund, uniq_pikel
D:6:      wad_pebble_path, layout_basic, minmay_temple_entry_fiery
D:7:      layout_gridville, enter_bailey_2, minmay_alternating_orb,
          uniq_prince_ribbit1
Bailey:   bailey_polearm_1, bailey

Skill      XL: |  1  2  3  4  5  6  7  8  9 |
---------------+----------------------------+-----
Shapeshifting  | 3 4 5 6 7 |  7.5
Dodging        | 3 4 5 |  5.1
Unarmed Combat | 3 4 5 |  5.5
Fighting       | 3 4 5 |  5.3

Action                     |  1- 3 |  4- 6 |  7- 9 || total
---------------------------+-------+-------+-------++-------
  Melee: Unarmed           |    94 |   129 |   174 ||   397
         Punch             |       |     3 |       ||     3
 Invoke: Stomp             |       |       |     3 ||     3
         Line Pass         |       |       |     1 ||     1
    Use: Potion            |       |     5 |    10 ||    15
         Scroll            |       |       |     7 ||     7
   Stab: Paralysed         |       |       |     6 ||     6
         Confused          |       |       |     1 ||     1
 Armour: Animal skin       |    16 |    31 |       ||    47
         Robe              |     8 |     7 |    55 ||    70
         Skin              |       |    44 |    31 ||    75
  Dodge: Dodged            |    80 |    67 |   130 ||   277
         Form:             |       |     1 |       ||     1
         Flux              |       |     1 |       ||     1

Table legend: (Time is in decaauts)
 A = Elapsed time spent in this place.
 B = Non-inter-level travel time spent in this place.
 C = Inter-level travel time spent in this place.
 D = Time resting spent in this place.
 E = Time spent auto-exploring this place.
 F = Levels seen in this place.
 G = Mean time per level.
                   A        B        C        D        E       F      G
               +--------+--------+--------+--------+--------+-----+--------+
         Total |   5847 |   5266 |    581 |      0 |   4124 |   8 |  730.9 |
       Dungeon |   5370 |   4789 |    581 |      0 |   3796 |   7 |  767.1 |
        Bailey |    477 |    477 |      0 |      0 |    327 |   1 |  477.0 |
               +--------+--------+--------+--------+--------+-----+--------+

Top non-repeatable levels by time:
     D:3: 1059 daAuts
     D:2: 1034 daAuts
     D:5: 903 daAuts
     D:6: 832 daAuts
     D:4: 824 daAuts
     D:1: 558 daAuts
  Bailey: 477 daAuts
     D:7: 157 daAuts
